 Dungeon Sprint DCSS version 0.22-a0-77-g0fd0111 (webtiles) character file.

7488 schets the Eclecticist (level 10, -39/58 HPs)
             Began as a Spriggan Enchanter on Jan 15, 2018.
             Was a High Priest of Sif Muna.
             Killed from afar by Azrael (41 damage)
             ... with damnation
             ... in the Dungeon (Sprint III: "The Ten Rune Challenge").
             The game lasted 00:15:30 (4409 turns).

schets the Eclecticist (Spriggan Enchanter)         Turns: 4409, Time: 00:15:31

Health: -39/58     AC:  2    Str:  4    XL:     10   Next: 94%
Magic:  32/32      EV: 28    Int: 19    God:    Sif Muna [*****.]
Gold:   3811       SH:  0    Dex: 18    Spells: 17/43 levels left

rFire    . . .     SeeInvis +   o - +2 dagger (venom)
rCold    . . .     Gourm    .   (shield restricted)
rNeg     . . .     Faith    .   b - +0 robe
rPois    .         Spirit   .   (helmet restricted)
rElec    .         Reflect  .   (no cloak)
rCorr    .         Harm     .   (gloves unavailable)
MR       +....     NoTele   +   (boots unavailable)
Stlth    +++.......             (no amulet)
HPRegen  0.19/turn              (no ring)
MPRegen  0.23/turn              (no ring)

@: liquid flames, flying, very slightly contaminated, glowing, very quick
A: very small, unfitting armour, repulsion field 1, see invisible, herbivore,
speed 3, robust 1, screaming 1, slow metabolism 2
a: Divine Energy, Channel Magic, Forget Spell, Renounce Religion


You were in the Dungeon.
You worshipped Sif Muna.
Sif Muna was extremely pleased with you.
You were not hungry.

You visited 1 branch You collected 3811 gold pieces.

Inventory:

Hand Weapons
 c - a +0 blowgun
 l - a +1 dagger of electrocution
 o - a +2 dagger of venom (weapon)
Missiles
 a - 6 curare-tipped needles
Armour
 b - a +0 robe (worn)
Scrolls
 m - a scroll of holy word
 n - a scroll of fear
 p - 2 scrolls of remove curse
 q - 3 scrolls of acquirement
Potions
 e - 2 potions of curing
 g - a potion of haste
 h - 2 potions of magic
 i - a potion of might
Books
 k - Sif Muna's Disquisition on Supportive Changing
   (Sif Muna gifted it to you in the Dungeon)

   Spells                             Type                      Level
   a - Summon Ice Beast               Ice/Summoning                4
   b - Summon Lightning Spire         Summoning/Air                4
   c - Summon Mana Viper              Hexes/Summoning              5
   d - Monstrous Menagerie            Summoning                    7
   e - Necromutation                  Transmutation/Necromancy     8
Comestibles
 d - 13 rations


   Skills:
 * Level 6.5 Fighting
 - Level 10.0 Short Blades
 + Level 4.1 Throwing
 - Level 10.2 Dodging
 - Level 15.1 Stealth
 * Level 17.2 Spellcasting
 - Level 15.0 Hexes
 + Level 4.0 Air Magic


You had 17 spell levels left.
You knew the following spells:

 Your Spells              Type           Power        Failure   Level  Hunger
a - Corona                Hex            ######.      0%          1    None
b - Ensorcelled Hibernat  Hex/Ice        #####.       1%          2    None
c - Confuse               Hex            ######..     1%          3    None
d - Tukima's Dance        Hex            ######..     1%          3    None
e - Slow                  Hex            ######..     0%          2    None
f - Inner Flame           Hex/Fire       #####...     1%          3    None
g - Dazzling Spray        Conj/Hex       #####.       1%          3    None
h - Yara's Violent Unrav  Hex/Tmut       #####.....   4%          5    ###....
i - Airstrike             Air            ####......   7%          4    None


Dungeon Overview and Level Annotations

Branches:
Dungeon (1/1)

Altars:
Dithmenos
Elyvilon
Fedhas
Kikubaaqudgha
Okawaru
Qazlal
Ru
Sif Muna
Trog
Uskayaw
Vehumet
Wu Jian
Yredelemnul
Zin
The Shining One
Beogh

Shops:
D (

Annotations:
D exclusion: 2 doors, Azrael, Harold


Innate Abilities, Weirdness & Mutations

You are very small and have problems with some larger weapons.
You are too small for most types of armour.
You have supernaturally acute eyesight. (SInv)
You are a herbivore.
You cover ground extremely quickly.
You need consume almost no food.
You are surrounded by a mild repulsion field. (EV +2)
You are robust. (+10% HP)
You occasionally shout uncontrollably at your foes.


Message History

* * * LOW HITPOINT WARNING * * *
Azrael burns you!
* * * LOW HITPOINT WARNING * * *
Unknown command.
You feel much better.
You are covered in liquid flames!
* * * LOW HITPOINT WARNING * * *
Unknown command.
Blink to where?
Press: ? - help, Dir - move target cursor You are very lightly contaminated with residual magic.
As you read the scroll of blinking, it crumbles to dust.
You are covered in liquid flames!
* * * LOW HITPOINT WARNING * * *
You are covered in liquid flames!
* * * LOW HITPOINT WARNING * * *
Azrael gestures at you.
The sphere of damnation explodes!
The damnation engulfs you!
Ouch! That really hurt!
You die...

.#.#.#.#.#...≈≈≈≈#
.##.#.#.##...≈≈≈≈#
▓#.#.#.#.#.......#
##.#.#.##.......#
+.#.#.#.#......:#
##.#.#.##########
##'###############
#...'(≈≈§≈##≈R≈≈≈#
#...#.≈≈≈≈#§§≈#@§#
#...#.#≈§§##≈##≈§#
#####.#§≈≈≈###§§§#
#.....###§≈≈≈≈≈§§#
#§§.).#G#.≈≈≈≈≈§§#
#§....#+###≈§§§≈≈#
#.....# #.≈§≈§§#
#'##### ###§≈###
#. #§##


You could see Azrael.

Vanquished Creatures
  A yaktaur captain (D)
  Erica (D)
  A centaur warrior (D)
  An orc high priest (D)
  An unseen horror (D)
  Joseph (D)
  A deep elf mage (D)
  3 yaktaurs (D)
  A queen bee (D)
  A shadow (D)
  2 orc warriors (D)
  A necrophage (D)
  2 centaurs (D)
  An earth elemental (D)
  A water elemental (D)
  29 killer bees (D)
  A jelly (D)
  3 orc priests (D)
  3 orc wizards (D)
  A wizard (D)
  Jessica (D)
  A necromancer (D)
  A kobold demonologist (D)
  3 humans (D)
  An ooze (D)
  A phantom (D)
  8 orcs (D)
  2 rats (D)
74 creatures vanquished.

Vanquished Creatures (collateral kills)
  3 killer bees (D)
3 creatures vanquished.

Vanquished Creatures (others)
  2 draconian scorchers (D)
  6 hellions (D)
  2 yaktaurs (D)
  3 orc high priests (D)
  13 plants (D)
26 creatures vanquished.

Grand Total: 103 creatures vanquished

Notes
Turn   | Place    | Note
-------+----------+-------------------------------------------
     0 | D        | schets the Spriggan Enchanter began the quest for the Orb.
     0 | D        | Reached XP level 1. HP: 9/9 MP: 5/5
    12 | D        | Reached skill level 5 in Stealth
    12 | D        | Reached skill level 3 in Spellcasting
    17 | D        | Noticed Jessica
    28 | D        | Killed Jessica
    28 | D        | Reached skill level 4 in Spellcasting
    28 | D        | Reached skill level 5 in Hexes
    28 | D        | Reached XP level 2. HP: 13/13 MP: 5/8
    28 | D        | Reached XP level 3. HP: 16/16 MP: 6/10
    72 | D        | Killed a yaktaur
    73 | D        | Learned a level 2 spell: Ensorcelled Hibernation
    77 | D        | Learned a level 3 spell: Confuse
    81 | D        | Learned a level 3 spell: Tukima's Dance
   124 | D        | Reached skill level 5 in Spellcasting
   127 | D        | Killed a hellion
   128 | D        | Killed a hellion
   128 | D        | Killed a hellion
   159 | D        | Killed a white draconian scorcher
   160 | D        | Killed a white draconian scorcher
   170 | D        | Killed a hellion
   218 | D        | Killed a hellion
   323 | D        | Gained mutation: Your muscles are strong. (Str +2) [potion of mutation]
   323 | D        | Gained mutation: Your body sometimes deteriorates upon taking damage. [potion of mutation]
   323 | D        | Gained mutation: You are surrounded by a mild repulsion field. (EV +2) [potion of mutation]
   324 | D        | Lost mutation: You are surrounded by a mild repulsion field. (EV +2) [potion of mutation]
   324 | D        | Lost mutation: Your muscles are strong. (Str +2) [potion of mutation]
   324 | D        | Gained mutation: You are weak. (Str -2) [potion of mutation]
   324 | D        | Gained mutation: Your flesh is heat resistant. (rF+) [potion of mutation]
   325 | D        | Lost mutation: Your body sometimes deteriorates upon taking damage. [potion of mutation]
   325 | D        | Lost mutation: You are weak. (Str -2) [potion of mutation]
   325 | D        | Gained mutation: You are weak. (Str -2) [potion of mutation]
   325 | D        | Gained mutation: You are surrounded by a mild repulsion field. (EV +2) [potion of mutation]
   325 | D        | Gained mutation: Your system is resistant to poisons. (rPois) [potion of mutation]
   326 | D        | Lost mutation: Your flesh is heat resistant. (rF+) [potion of mutation]
   326 | D        | Lost mutation: You are weak. (Str -2) [potion of mutation]
   326 | D        | Lost mutation: Your system is resistant to poisons. (rPois) [potion of mutation]
   326 | D        | Gained mutation: You occasionally shout uncontrollably at your foes. [potion of mutation]
   326 | D        | Gained mutation: You are robust. (+10% HP) [potion of mutation]
   349 | D        | Noticed a water elemental
   351 | D        | Killed a water elemental
   351 | D        | Reached skill level 5 in Dodging
   351 | D        | Reached skill level 6 in Spellcasting
   351 | D        | Reached XP level 4. HP: 22/23 MP: 11/13
   354 | D        | Found a radiant altar of Vehumet.
   354 | D        | Found a deep blue altar of Sif Muna.
   354 | D        | Found an ancient bone altar of Kikubaaqudgha.
   354 | D        | Noticed a wizard
   357 | D        | Noticed an orange demon
   370 | D        | Killed a hellion
   516 | D        | Killed a wizard
   522 | D        | Reached XP level 5. HP: 26/26 MP: 9/15
   537 | D        | Became a worshipper of Sif Muna the Loreminder
   545 | D        | Found a glowing silver altar of Zin.
   545 | D        | Found a glowing golden altar of the Shining One.
   545 | D        | Found a white marble altar of Elyvilon.
   546 | D        | Noticed a deep elf mage
   548 | D        | Killed a deep elf mage
   548 | D        | Reached * piety under Sif Muna
   548 | D        | Reached skill level 5 in Short Blades
   548 | D        | Reached skill level 9 in Spellcasting
   548 | D        | Reached XP level 6. HP: 30/30 MP: 11/19
   548 | D        | Reached XP level 7. HP: 35/35 MP: 12/21
   554 | D        | Found a hide-covered altar of Uskayaw.
   554 | D        | Found a roughly hewn altar of Beogh.
   554 | D        | Found an iron altar of Okawaru.
   554 | D        | Found a bloodstained altar of Trog.
   554 | D        | Found an ornate altar of the Wu Jian Council.
   554 | D        | Noticed a human
   554 | D        | Noticed a human
   560 | D        | Killed a human
   560 | D        | Reached ** piety under Sif Muna
   560 | D        | Reached skill level 10 in Spellcasting
   560 | D        | Reached skill level 10 in Hexes
   579 | D        | Killed a human
   686 | D        | Found a basalt altar of Yredelemnul.
   686 | D        | Found a shadowy altar of Dithmenos.
   686 | D        | Found a sacrificial altar of Ru.
   861 | D        | Noticed a shadow
   864 | D        | Killed a shadow
   864 | D        | Reached *** piety under Sif Muna
   864 | D        | Reached XP level 8. HP: 38/38 MP: 23/23
   868 | D        | Reached skill level 11 in Spellcasting
   881 | D        | Noticed Erica
   884 | D        | Killed Erica
   884 | D        | Reached **** piety under Sif Muna
   884 | D        | Reached skill level 10 in Dodging
   884 | D        | Reached skill level 15 in Stealth
   884 | D        | Reached skill level 12 in Spellcasting
   946 | D        | Noticed a centaur warrior
   983 | D        | Killed a centaur warrior
   983 | D        | Reached ***** piety under Sif Muna
   983 | D        | Received a gift from Sif Muna
   983 | D        | Reached skill level 13 in Spellcasting
   983 | D        | Reached XP level 9. HP: 4/41 MP: 5/27
  1269 | D        | Learned a level 2 spell: Slow
  1273 | D        | Learned a level 3 spell: Inner Flame
  1277 | D        | Learned a level 3 spell: Dazzling Spray
  1283 | D        | Learned a level 5 spell: Yara's Violent Unravelling
  1297 | D        | Noticed an unseen horror
  1301 | D        | Killed an unseen horror
  1301 | D        | Reached skill level 14 in Spellcasting
  1313 | D        | Noticed a queen bee
  1561 | D        | Identified Sif Muna's Grimoire of Floating Creation (Sif Muna gifted it to you in the Dungeon)
  1561 | D        | Received a gift from Sif Muna
  1763 | D        | Reached XP level 10. HP: 46/47 MP: 11/29
  1765 | D        | Reached skill level 1 in Fighting
  1768 | D        | Reached skill level 15 in Hexes
  1773 | D        | Reached skill level 10 in Short Blades
  1778 | D        | Identified Sif Muna's Advanced Sorcery (Sif Muna gifted it to you in the Dungeon)
  1778 | D        | Received a gift from Sif Muna
  1778 | D        | Reached skill level 15 in Spellcasting
  2123 | D        | Learned a level 4 spell: Airstrike
  2140 | D        | Noticed Harold
  2140 | D        | Noticed Joseph
  2164 | D        | Killed Joseph
  2164 | D        | Reached skill level 16 in Spellcasting
  2164 | D        | Reached skill level 1 in Air Magic
  3170 | D        | Noticed an orc high priest
  3229 | D        | Identified Sif Muna's Disquisition on Supportive Changing (Sif Muna gifted it to you in the Dungeon)
  3229 | D        | Received a gift from Sif Muna
  3254 | D        | Killed an orc high priest
  3430 | D        | Reached skill level 5 in Fighting
  3439 | D        | Found a blossoming altar of Fedhas.
  3439 | D        | Found a stormy altar of Qazlal.
  3461 | D        | Found Alycla Lokk's Antique Weapon Shop.
  3533 | D        | Noticed a yaktaur captain
  3809 | D        | HP: 2/56 [yaktaur/bolt (25)]
  4231 | D        | Killed a yaktaur captain
  4231 | D        | Reached skill level 17 in Spellcasting
  4400 | D        | Noticed Azrael
  4406 | D        | HP: 1/58 [Azrael/scimitar of flaming (7)]
  4409 | D        | Killed from afar by Azrael

Vault maps used:
D:        dungeon_sprint_mu

Skill      XL: |  1  2  3  4  5  6  7  8  9 10 |
---------------+-------------------------------+-----
Stealth        | 6 8 9 12 13 15 | 15.1
Spellcasting   | 4 6 9 10 13 14 17 | 17.2
Hexes          | 5 6 7 9 11 13 14 15 | 15.0
Short Blades   | 2 3 4 5 6 8 9 10 | 10.0
Dodging        | 4 5 8 9 10 | 10.2
Fighting       | 6 |  6.5
Air Magic      | 4 |  4.0
Throwing       | 4 |  4.1

Action                   |  1- 3 |  4- 6 |  7- 9 | 10-12 || total
-------------------------+-------+-------+-------+-------++-------
Melee: Dagger            |    10 |     8 |    47 |    76 ||   141
 Cast: Ensorcelled Hiber |     2 |       |    36 |    33 ||    71
       Confuse           |       |     5 |    14 |    17 ||    36
       Dazzling Spray    |       |       |       |     2 ||     2
  Use: Scroll            |     6 |       |       |     1 ||     7
       Potion            |     5 |       |       |     4 ||     9
 Stab: Sleeping          |     5 |     1 |    23 |    19 ||    48
       Confused          |       |     2 |     3 |     3 ||     8
       Distracted        |       |       |       |     1 ||     1
  Eat: Ration            |       |       |       |     1 ||     1
Armor: Robe              |       |       |     1 |     1 ||     2
Dodge: Dodged            |     2 |     2 |    55 |    40 ||    99

Table legend:
 A = Spawn XP
 B = Non-spawn XP
 C = Spawn XP percentage of total XP
 D = Spawn monster count
 E = Non-spawn monster count
 F = Spawn count percentage of total count
 G = Total turns spent on level
                    A         B        C        D         E        F      G
               +---------+---------+-------+---------+---------+-------+---------
         Total |       0 |   10698 |   0.0 |       0 |      77 |   0.0 |  4409
               +---------+---------+-------+---------+---------+-------+---------
             D |       0 |   10698 |   0.0 |       0 |      77 |   0.0 |  4409
               +---------+---------+-------+---------+---------+-------+---------
